Map: 黄金之柱-天梯版

Players

iGXiGua (XiGua) - Winner!

  • Race: Zerg Zerg

JieShi

  • Race: Protoss Protoss
  • League: Master

Event: DreamHack SC2 Masters 2020 Fall

VOD

Have the link to the VOD?

Description

Time

  • Played on: Sept. 5, 2020, 7:40 a.m.
  • Length: 10:01

All games in this series

Show
View Real Time Build Order
Export as new Build Order

iGXiGua Zerg - Winner!

Build Orders: Hatch First 

Get SALT Encoding   

  12  0:00  Drone  
  13  0:13  Overlord  
  13  0:18  Drone  
  14  0:31  Drone  
  14  0:32  Drone  
  16  0:50  Drone  
  18  0:57  Drone  
  18  0:59  Hatchery  
  18  1:00  Drone  
  18  1:02  Extractor  
  17  1:16  Spawning Pool  
  16  1:20  Drone  
  16  1:22  Drone  
  18  1:29  Drone  
  19  1:40  Drone  
  20  1:50  Overlord  
  20  2:02  Queen  
  20  2:04  Metabolic Boost  
  23  2:08  Zergling x2  
  23  2:11  Queen  
  23  2:13  Zergling x2  
  23  2:15  Drone  
  27  2:23  Drone x2  
  29  2:32  Drone  
  29  2:33  Drone  
  31  2:43  Zergling x2  
  32  2:52  Queen, Hatchery  
  33  2:59  Drone  
  33  3:00  Drone  
  33  3:01  Drone  
  36  3:08  Overlord  
  36  3:20  Overlord  
  36  3:28  Drone x7  
  42  3:36  Spore Crawler  
  42  3:37  Overlord  
  42  3:38  Drone  
  41  3:42  Queen  
  41  3:45  Drone  
  41  3:46  Drone  
  45  3:52  Drone, Overlord  
  46  3:57  Spore Crawler  
  46  3:59  Overlord  
  45  4:05  Overlord  
  45  4:08  Queen  
  47  4:12  Drone x2  
  47  4:15  Overlord  
  49  4:18  Drone x2  
  49  4:20  Drone  
  49  4:24  Drone x3  
  55  4:29  Lair  
  55  4:34  Drone x2  
  55  4:35  Drone  
  55  4:38  Extractor  
  57  4:40  Drone  
  57  4:42  Drone x2, Evolution Chamber  
  57  4:43  Drone  
  59  4:46  Drone  
  59  4:47  Drone  
  59  4:51  Drone  
  62  4:53  Overlord  
  62  4:54  Drone  
  62  4:55  Drone  
  62  4:56  Drone x2  
  62  4:59  Drone  
  67  5:00  Drone x2  
  67  5:07  Extractor x2, Zergling x8  
  72  5:09  Zerg Melee Weapons Level 1  
  72  5:11  Zergling x2  
  72  5:15  Zergling x2  
  72  5:18  Zergling x2  
  72  5:20  Extractor  
  72  5:21  Zergling x2  
  74  5:22  Extractor  
  74  5:23  Zergling x2  
  74  5:24  Zergling x4  
  74  5:25  Zergling x4  
  79  5:28  Drone x2  
  79  5:32  Overlord  
  80  5:37  Spore Crawler  
  80  5:38  Drone x4  
  85  5:42  Drone  
  85  5:43  Drone x2, Spire  
  85  5:44  Overseer  
  86  5:51  Overlord  
  86  5:55  Drone x5  
  91  6:02  Overlord  
  91  6:03  Overlord  
  91  6:08  Hatchery  
  91  6:10  Overlord  
  90  6:11  Drone  
  88  6:21  Zergling x14  
  92  6:29  Overlord  
  92  6:30  Overseer  
  92  6:39  Overlord  
  92  6:43  Drone x3  
  92  6:44  Overlord  
  94  6:50  Drone  
  94  6:51  Extractor  
  94  6:58  Zerg Flyer Weapons Level 1  
  94  7:00  Mutalisk x10  
  114  7:03  Mutalisk  
  114  7:05  Drone  
  114  7:06  Drone x2  
  114  7:08  Overlord  
  119  7:09  Overlord  
  119  7:10  Overlord  
  119  7:13  Mutalisk x2  
  122  7:21  Zergling x6  
  125  7:26  Extractor, Mutalisk x2  
  125  7:28  Zergling x6  
  131  7:33  Overlord x3  
  131  7:36  Mutalisk  
  133  7:38  Drone x3  
  133  7:41  Extractor  
  133  7:42  Mutalisk  
  137  7:44  Zergling x8  
  137  7:50  Mutalisk  
  142  7:51  Overlord  
  142  7:52  Overlord  
  142  7:55  Mutalisk  
  142  7:57  Zergling x6  
  147  8:01  Overlord  
  147  8:02  Mutalisk x2  
  147  8:05  Overlord  
  151  8:06  Zergling x4  
  151  8:14  Mutalisk  
  151  8:15  Mutalisk  
  151  8:16  Drone x2  
  151  8:18  Drone  
  156  8:24  Mutalisk x2  
  156  8:26  Drone  
  161  8:29  Mutalisk  
  161  8:31  Zergling x6  
  162  8:48  Mutalisk x4  
  158  8:51  Hatchery  
  158  8:52  Zergling x2  
  158  8:53  Zergling x20  
  166  9:00  Spore Crawler  
  166  9:02  Mutalisk x3  
  171  9:08  Mutalisk  
  173  9:10  Zergling x8  
  173  9:15  Mutalisk x2  
  181  9:23  Mutalisk x2  
  181  9:26  Zergling x12  
  177  9:33  Zergling x8  
  177  9:37  Zergling x10  
  171  9:40  Zergling x2  
  171  9:42  Overseer x2  
Show
View Real Time Build Order
Export as new Build Order

JieShi Protoss 

Build Orders: 1 Gate Expand, Oracle Opening 

Get SALT Encoding   

  12  0:00  Probe  
  13  0:12  Probe  
  14  0:24  Probe, Pylon  
  15  0:42  Gateway, Probe (Chrono Boost)  
  16  0:52  Probe (Chrono Boost)  
  16  0:54  Assimilator  
  17  0:57  Probe (Chrono Boost)  
  18  1:08  Probe  
  19  1:20  Probe  
  20  1:30  Nexus  
  20  1:40  Cybernetics Core  
  20  1:43  Probe  
  21  1:49  Assimilator  
  21  1:55  Probe  
  21  1:59  Pylon  
  22  2:07  Probe  
  23  2:14  Adept (Chrono Boost)  
  23  2:19  Probe  
  26  2:25  Stargate  
  26  2:31  Probe  
  26  2:33  Pylon  
  26  2:35  Warp Gate  
  27  2:42  Adept  
  29  2:49  Probe x2 (Chrono Boost)  
  33  2:59  Probe (Chrono Boost)  
  33  3:01  Probe (Chrono Boost)  
  33  3:04  Probe (Chrono Boost)  
  33  3:10  Oracle (Chrono Boost), Probe  
  34  3:15  Probe  
  38  3:22  Probe  
  38  3:26  Pylon  
  39  3:28  Gateway, Probe  
  40  3:36  Void Ray (Chrono Boost), Probe  
  40  3:40  Probe (Chrono Boost)  
  47  3:52  Probe (Chrono Boost)  
  47  3:53  Pylon  
  47  3:54  Probe (Chrono Boost)  
  48  3:58  Probe (Chrono Boost)  
  48  4:01  Probe (Chrono Boost)  
  50  4:09  Nexus  
  50  4:12  Pylon  
  50  4:13  Probe  
  50  4:16  Probe  
  52  4:21  Assimilator  
  52  4:22  Assimilator  
  52  4:26  Probe  
  52  4:28  Adept, Probe  
  56  4:32  Shield Battery  
  56  4:34  Adept  
  58  4:38  Probe  
  58  4:40  Probe  
  60  4:50  Adept, Pylon  
  60  4:51  Probe  
  63  4:52  Robotics Facility  
  63  4:55  Adept  
  65  5:01  Probe  
  65  5:03  Probe  
  67  5:12  Forge  
  67  5:13  Gateway  
  67  5:14  Sentry  
  69  5:15  Sentry  
  69  5:20  Probe x2 (Chrono Boost)  
  73  5:23  Pylon, Probe (Chrono Boost)  
  74  5:32  Probe (Chrono Boost)  
  74  5:33  Probe (Chrono Boost)  
  74  5:34  Probe (Chrono Boost)  
  77  5:38  Immortal (Chrono Boost)  
  77  5:41  Protoss Ground Weapons Level 1 (Chrono Boost), Probe  
  77  5:42  Probe  
  83  5:47  Twilight Council  
  83  5:48  Probe  
  84  5:52  Sentry  
  84  5:53  Sentry, Probe  
  84  5:54  Probe  
  90  5:58  Pylon  
  90  6:00  Photon Cannon, Probe  
  91  6:08  Probe  
  91  6:10  Observer  
  93  6:12  Probe  
  93  6:15  Gateway  
  93  6:16  Gateway  
  94  6:19  Assimilator  
  94  6:21  Gateway  
  94  6:24  Blink (Chrono Boost)  
  82  6:26  Probe  
  82  6:27  Sentry  
  82  6:30  Assimilator  
  85  6:35  Gateway  
  85  6:36  Gateway  
  85  6:44  Stalker x2  
  85  6:45  Probe x3  
  92  6:48  Pylon  
  92  6:52  Stalker  
  94  6:54  Warp Prism (Chrono Boost)  
  96  7:09  Stalker  
  96  7:10  Stalker  
  96  7:13  Stalker x2  
  104  7:16  Stalker x2  
  108  7:31  Pylon  
  108  7:34  Photon Cannon  
  108  7:36  Shield Battery, Pylon  
  104  7:37  Pylon  
  104  7:38  Stalker x3  
  104  7:39  Stalker  
  104  7:40  Stalker x2  
  116  7:52  Stalker x2  
  116  7:56  Immortal  
  124  8:05  Stalker  
  124  8:06  Stalker x2  
  124  8:11  Stalker x3  
  136  8:21  Photon Cannon  
  136  8:24  Shield Battery  
  136  8:25  Stalker  
  136  8:26  Templar Archives  
  138  8:29  Pylon  
  138  8:31  Stalker  
  140  8:40  Stalker  
  138  8:41  Stalker x2  
  138  8:44  Stalker  
  134  8:56  Stalker x4  
  134  8:58  Photon Cannon  
  134  9:00  Shield Battery  
  134  9:02  Shield Battery  
  142  9:06  Stalker  
  144  9:24  Pylon  
  142  9:26  Pylon  
  142  9:27  Pylon  
  121  9:33  Stalker  
  121  9:34  Stalker x3  
  121  9:36  Stalker x2  

Tags
 
Add a new tag
Caveats
  • Supply blocks, unpowered buildings, or Contaminate may cause inaccurate times.
  • Supply counts are checked every 10 seconds.